 Dungeon Crawl Stone Soup version 0.28.0 (webtiles) character file.

Game seed: 12664248965782357520

1038 SnakkuSnakku7 the Magician (level 8, 0/54 HPs)
             Began as a Djinni Gladiator on Feb 10, 2022.
             Slain by a two-headed ogre (15 damage)
             ... on level 5 of the Dungeon.
             The game lasted 00:06:58 (4766 turns).

SnakkuSnakku7 the Magician (Djinni Gladiator)       Turns: 4766, Time: 00:06:58

Health: 0/54       AC:  8    Str: 13    XL:     8   Next: 48%
Gold:   274        EV: 12    Int: 11    God:
                   SH:  5    Dex: 16

rFire   + + .      SeeInvis .   a - +2 quarterstaff
rCold   x . .      Faith    .   (shield currently unavailable)
rNeg    . . .      Spirit   .   v - +1 leather armour {Will+}
rPois   ∞          Reflect  +   c - +0 helmet
rElec   .          Harm     .   l - +2 cloak
rCorr   .          Rampage  .   (no gloves)
Will    +....                   (boots unavailable)
Stlth   +.........              s - amulet of reflection
HPRegen 0.18/turn               (no ring)
MPRegen 0.00/turn               (no ring)

@: flying
A: sickness immunity, fire resistance 2, cold vulnerability 1, float, innate
caster, HP casting, extra vitality 1
a: no special abilities


You were on level 5 of the Dungeon.
You visited 2 branches of the dungeon, and saw 6 of its levels.
You also visited: Sewer.

You collected 274 gold pieces.

Inventory:

Hand Weapons
 a - a +2 quarterstaff (weapon)
Armour
 c - a +0 helmet (worn)
 l - a +2 cloak (worn)
 v - a +1 leather armour of willpower (worn)
Jewellery
 s - an amulet of reflection (around neck)
 u - a ring of fire
Wands
 n - a wand of polymorph (2)
 t - a wand of flame (12)
Scrolls
 e - a scroll of fog
 h - 3 scrolls of magic mapping
 j - 2 scrolls of blinking
 k - a scroll of teleportation
 r - a scroll of brand weapon
Potions
 f - a potion of attraction {unknown}
 g - 3 potions of curing {unknown}
 i - a potion of invisibility
 m - a potion of lignification
 o - a potion of resistance {unknown}
 p - 2 potions of degeneration {unknown}
 q - a potion of mutation


   Skills:
 - Level 2.0 Fighting
 - Level 2.6 Staves
 - Level 1.5 Throwing
 - Level 3.2 Dodging
 + Level 7.1 Spellcasting


You had 15 spell levels left.
You knew the following spells:

 Your Spells              Type           Power      Damage    Failure   Level
a - Beastly Appendage     Tmut           38%        N/A       1%          1
b - Wereblood             Tmut           19%        N/A       1%          2
c - Gell's Gravitas       Tloc           19%        N/A       3%          3
Your spell library was empty.

Dungeon Overview and Level Annotations

Branches:
Dungeon (5/15)             Temple (1/1) D:5           Sewer (visited)

Altars:
Cheibriados
Kikubaaqudgha


Innate Abilities, Weirdness & Mutations

You are immune to sickness and miasma.
You are immune to poison.
Your flesh is very heat resistant. (rF++)
You are vulnerable to cold. (rC-)
You float through the air rather than walking.
You learn spells naturally, not from books.
Your magical power is your life essence.
You have superior vitality. (+4 MHP)


Message History

You hit the two-headed ogre.
The two-headed ogre is moderately wounded.
The two-headed ogre struggles against the net.
You strike the helpless two-headed ogre from behind!
You hit the two-headed ogre.
The two-headed ogre is moderately wounded.
The two-headed ogre struggles against the net. x2
You hit the two-headed ogre.
The two-headed ogre is heavily wounded.
The two-headed ogre struggles against the net.
You hit the two-headed ogre.
The two-headed ogre is heavily wounded.
The two-headed ogre struggles against the net.
The net rips apart, and the two-headed ogre comes free!
Throw: throwing net
Press: ? - help, Q - select action, (/) - cycle Shift-Dir - straight line, f/p - two-headed ogre
Aim: a two-headed ogre, wielding a +0 giant spiked club and a +0 giant club (heavily wounded, 75% to hit)
You throw a throwing net.
The throwing net hits the two-headed ogre.
The two-headed ogre is caught in the net!
The two-headed ogre is heavily wounded.
The two-headed ogre struggles against the net.
You hit the two-headed ogre.
The two-headed ogre is heavily wounded.
The two-headed ogre struggles against the net.
You thump the two-headed ogre!
The two-headed ogre is severely wounded.
The two-headed ogre struggles against the net. x2
You hit the two-headed ogre.
The two-headed ogre is severely wounded.
The two-headed ogre struggles against the net.
The net rips apart, and the two-headed ogre comes free!
You hit the two-headed ogre.
The two-headed ogre is almost dead.
The two-headed ogre closely misses you. You block the two-headed ogre's attack.
You hit the two-headed ogre but do no damage.
The two-headed ogre is almost dead.
The two-headed ogre barely misses you.
The two-headed ogre hits you with a +0 giant club!
You die...

##..................
#.........#######..#
#.##......#
###.###...#.# #...#
##.##.# #.### ####.#
#.# #.# #.# ##.# ##
#.# #@.# .. #.# #O##
.# #.# #S## #.# #.#
###..##..#### #.#
##...........# #.#
#....#...#...
#.#####....#.⌠.#
#........###...###.#..
#.###.........?.......
##


You could see a two-headed ogre and an adder.

Vanquished Creatures
  Grinder (D:3)
  Eustachio (D:5)
  A water moccasin (D:5)
  An ice beast (D:4)
  A bullfrog (Sewer)
  A hound (D:5)
  2 orc priests
  An iguana (D:5)
  An orc wizard (D:2)
  2 hound skeletons
  10 adders
  2 river rats (D:5)
  A white imp (D:5)
  2 worms
  12 orcs
  15 endoplasms
  15 giant cockroaches
  2 goblins
  5 hobgoblins
  6 jackals (D:1)
  5 kobolds
  10 quokkas
  20 ball pythons
  3 bats
  9 frilled lizards
  11 rats
140 creatures vanquished.

Notes
Turn   | Place    | Note
-------+----------+-------------------------------------------
     0 | D:1      | SnakkuSnakku7 the Djinni Gladiator began the quest for the
                  | Orb.
     0 | D:1      | Reached XP level 1. HP: 18/18 MP: 0/0
    27 | D:1      | Reached skill level 1 in Spellcasting
    27 | D:1      | Reached XP level 2. HP: 17/23 MP: 0/0
   256 | D:1      | Reached XP level 3. HP: 27/28 MP: 0/0
   256 | D:1      | Learned a level 1 spell: Beastly Appendage
   264 | D:1      | Found a faded altar of an unknown god.
   312 | D:1      | Reached skill level 2 in Spellcasting
   618 | D:2      | Reached XP level 4. HP: 23/33 MP: 0/0
  1281 | D:2      | Reached skill level 3 in Spellcasting
  1433 | D:3      | Found a snail-covered altar of Cheibriados.
  1457 | D:3      | Reached XP level 5. HP: 14/38 MP: 0/0
  1457 | D:3      | Learned a level 2 spell: Wereblood
  2019 | D:3      | Noticed Grinder
  2019 | D:3      | Paralysed by Grinder for 6 turns
  2035 | D:3      | Reached skill level 4 in Spellcasting
  2035 | D:3      | Reached XP level 6. HP: 37/43 MP: 0/0
  2050 | D:3      | Paralysed by Grinder for 2 turns
  2212 | D:3      | Killed Grinder
  2213 | D:3      | Reached skill level 5 in Spellcasting
  2213 | D:3      | Reached XP level 7. HP: 20/49 MP: 0/0
  2213 | D:3      | Learned a level 3 spell: Gell's Gravitas
  3739 | D:5      | Entered Level 5 of the Dungeon
  3739 | D:5      | Noticed a water moccasin
  3750 | D:5      | HP: 1/49 [water moccasin (5)]
  3752 | D:5      | Killed a water moccasin
  3964 | D:5      | Noticed Eustachio
  3978 | D:5      | Killed Eustachio
  3979 | D:5      | Reached skill level 6 in Spellcasting
  3979 | D:5      | Reached XP level 8. HP: 20/54 MP: 0/0
  4193 | D:5      | Found a glowing drain.
  4197 | Sewer    | Entered a sewer
  4640 | D:5      | Reached skill level 7 in Spellcasting
  4727 | D:5      | Noticed a two-headed ogre
  4728 | D:5      | Found a staircase to the Ecumenical Temple.
  4735 | Temple   | Entered the Ecumenical Temple
  4766 | D:5      | Slain by a two-headed ogre

Illustrated notes

Levels and vault maps discovered:
D:1:      nzn_arrival_water_spiral, layout_basic, ebering_ecumenical_altar_box,
          ebering_dispersal_statue_hall
D:2:      layout_basic
D:3:      layout_basic, mainiacjoe_overflow_catwalk_spiral,
          hangedman_decor_clover_reticule, uniq_grinder
D:4:      layout_basic
D:5:      layout_loops_ring, minmay_temple_entry_junction_2,
          gup_sewer_entry_spiral, chequers_serial_rivers_small_b, uniq_eustachio
Temple:   mainiacjoe_temple_big_plus

Skill      XL: |  1  2  3  4  5  6  7  8 |
---------------+-------------------------+-----
Spellcasting   | 1 2 3 4 5 6 7 |  7.1
Fighting       | |  2.0
Staves         | |  2.6
Throwing       | |  1.5
Dodging        | |  3.2

Action                   |  1- 3 |  4- 6 |  7- 9 || total
-------------------------+-------+-------+-------++-------
Melee: Quarterstaff      |   101 |   108 |   234 ||   443
       Headbutt          |     1 |     8 |     6 ||    15
       Unarmed           |       |     6 |       ||     6
Throw: Throwing net      |       |       |     3 ||     3
 Cast: Beastly Appendage |     2 |     5 |     4 ||    11
  Use: Scroll            |       |     3 |     7 ||    10
 Stab: Sleeping          |     1 |       |     2 ||     3
       Confused          |       |     2 |       ||     2
       Held in net/web   |       |       |     1 ||     1
Armor: Leather armour    |    31 |    42 |    67 ||   140
Dodge: Dodged            |    91 |    81 |   140 ||   312
Block: Other             |       |       |    56 ||    56
       Reflection        |       |       |     1 ||     1
